 Dungeon Crawl Stone Soup version 0.31-a0-667-g39726597b9 (webtiles) character file.

Game seed: 10823469552006951993

527058 bobo the Imperceptible (level 26, -12/179 HPs)
             Began as a Kobold Berserker on Aug 27, 2023.
             Was a High Priest of Trog.
             Killed from afar by a starcursed mass (22 damage)
             ... with an accursed screaming
             ... on level 3 of the Abyss on Sept 3, 2023.
             The game lasted 03:43:25 (49135 turns).

bobo the Imperceptible (Kobold Berserker)          Turns: 49135, Time: 03:43:25

Health: -12/179    AC: 29    Str: 17    XL:     26   Next: 81%
Magic:  20/20      EV: 45    Int:  8    God:    Trog [*****.]
Gold:   3444       SH:  0    Dex: 36    Spells: 25/25 levels left

rFire   . . .        P - +8 quick blade (flame)
rCold   . . .        j - +4 kite shield
rNeg    . . .        y - +8 scale mail of the Zealous God {rPois Dex+3}
rPois   +            k - +2 helmet of Restlessness {-Cast rElec rCorr Stlth+}
rElec   +            b - scarf {+Inv}
rCorr   +            u - +2 pair of gloves {Dex+3}
SInv    .            O - +2 pair of boots {Stlth+}
Will    +++..        Y - amulet of Vitality {RegenMP++ Regen++}
Stlth   +++++        J - +6 ring of dexterity
HPRegen 3.09/turn    V - ring of the Hare {EV+10}
MPRegen 0.97/turn

%: no spellcasting
@: confused, about to teleport, ambrosia-drunk, strong-willed, regenerating,
constricted
A: small, no large weapons, nightstalker 3, low MP 1, mutation resistance 1,
poison resistance, shaggy fur 1, subdued magic 1
}: 3/15 runes: barnacled, abyssal, gossamer
a: Renounce Religion, Evoke Invisibility, Berserk, Trog's Hand, Brothers in Arms


You were on level 3 of the Abyss.
You worshipped Trog.
Trog was extremely pleased with you.
You visited 9 branches of the dungeon, and saw 42 of its levels.
You visited the Abyss 1 time.
You visited 2 bazaars.
You also visited: Ossuary, Ice Cave and Volcano.

You collected 5521 gold pieces.
You spent 2077 gold pieces at shops.

Inventory:

Hand Weapons
 w - the +4 rapier "Ypebely" {venom, rElec Dex+3 SInv}
   (You found it on level 3 of the Shoals)

   Dex+3:     It affects your dexterity (+3).
   rElec:     It insulates you from electricity.
   SInv:      It lets you see invisible.
 E - a +4 rapier of holy wrath
 P - a +8 quick blade of flaming (weapon)
Missiles
 a - 10 atropa-tipped darts
 q - 66 boomerangs (quivered)
 F - 4 throwing nets
Armour
 b - a scarf of invisibility (worn)
 j - a +4 kite shield (worn)
 k - the +2 helmet of Restlessness (worn) {-Cast rElec rCorr Stlth+}
   (You found it on level 3 of the Elven Halls)

   rElec:     It insulates you from electricity.
   -Cast:     It prevents spellcasting.
   rCorr:     It protects you from acid and corrosion.
   Stlth+:    It makes you more stealthy.
 u - a +2 pair of gloves of dexterity (worn)
 y - the +8 scale mail of the Zealous God (worn) {rPois Dex+3}
   (You found it on level 9 of the Dungeon)

   Dex+3:     It affects your dexterity (+3).
   rPois:     It protects you from poison
 O - a +2 pair of boots of stealth (worn)
Jewellery
 B - a ring of fire
 C - the ring of the Two Names {Fly MP+9}
   (You found it on level 3 of the Elven Halls)

   [ring of flight]

   MP+9:      It affects your magic capacity (+9).
   Fly:       It grants you flight.
 J - a +6 ring of dexterity (left hand)
 V - the ring of the Hare (right hand) {EV+10}
   (You took it off a deep elf sorcerer on level 3 of the Elven Halls)

   [ring of evasion]

   EV+10:     It affects your evasion (+10).
 Y - the amulet of Vitality (around neck) {RegenMP++ Regen++}
   (You bought it in a shop in a bazaar)

   [amulet of magic regeneration]

   RegenMP:   It increases your rate of magic regeneration.
   Regen++:   It increases your rate of health regeneration.
Wands
 f - a wand of quicksilver (28)
 o - a wand of digging (9)
 r - a wand of polymorph (25)
 H - a wand of mindburst (4)
 T - a wand of roots (27)
Scrolls
 c - 4 scrolls of butterflies
 d - a scroll of brand weapon
 p - 5 scrolls of blinking
 s - 16 scrolls of teleportation
 z - 4 scrolls of immolation
 G - 6 scrolls of fear
 K - 4 scrolls of poison
 Q - 3 scrolls of fog
 R - 4 scrolls of silence
 X - a scroll of revelation
Potions
 e - 3 potions of invisibility
 g - 3 potions of attraction
 h - 19 potions of curing
 i - 7 potions of cancellation
 l - 10 potions of ambrosia
 m - 6 potions of might
 n - 5 potions of enlightenment
 t - 4 potions of haste
 v - 2 potions of heal wounds
 x - 3 potions of lignification
 D - 3 potions of berserk rage
 I - 3 potions of mutation
 N - 3 potions of resistance
 S - 3 potions of magic
Miscellaneous
 A - a sack of spiders
 L - a phantom mirror
 M - the horn of Geryon
 U - a phial of floods
 W - a tin of tremorstones (2/2)
 Z - a lightning rod (4/4)


   Skills:
 + Level 22.0 Fighting
 - Level 21.3 Short Blades
 - Level 8.8 Throwing
 + Level 13.5 Armour
 + Level 21.6 Dodging
 + Level 25.3 Stealth
 - Level 12.4 Shields
 - Level 15.3 Evocations


You had 25 spell levels left.
You didn't know any spells.
Your spell library was empty.

Dungeon Overview and Level Annotations

Branches:
Dungeon (15/15)            Temple (0/1) D:6            Lair (5/5) D:11
 Shoals (4/4) Lair:3       Spider (4/4) Lair:3        Slime (0/5) Lair:5
    Orc (2/2) D:10            Elf (3/3) Orc:2        Vaults (4/5) D:14
  Crypt (0/3) Vaults:2     Depths (4/4) D:15           Hell (visited)
    Geh (0/7) Hell            Zot (0/5) Depths:4    Ossuary (visited)
  IceCv (visited)         Volcano (visited)
    Dis: Hell:1         Coc: Hell:1         Tar: Hell:1

Altars:
Cheibriados
Dithmenos
Elyvilon
Fedhas
Gozag
Hepliaklqana
Kikubaaqudgha
Makhleb
Okawaru
Ru
Sif Muna
Uskayaw
Xom
Yredelemnul
Jiyva

Shops:
D:5 :   D:10 =   Orc:2 [?=:   Vaults:4 =

Portals:
Hell: Depths:1 Depths:2 Depths:4
Abyss: Depths:2 Depths:3
Pandemonium: Depths:2
Ziggurat: Depths:4
Trove: Vaults:4 (give +3 shadow dragon scales)

Annotations:
D:12 3 runed translucent doors
D:14 3 runed translucent doors
Spider:1 3 runed translucent doors, Grorgnorb's ghost, adept MeWn
Depths:2 3 runed translucent doors, Sundig's ghost, adept MiFi
Abyss:3 1 transporter


Innate Abilities, Weirdness & Mutations

You are small and have problems with some larger weapons.
You are completely attuned to the shadows.
Your magical capacity is low. (-10% MP)
You are somewhat resistant to further mutation.
Your system is resistant to poisons. (rPois)
You are covered in fur. (AC +1)
Your spells are a little easier to cast, but a little less powerful.


Message History

The bone dragon bites you! The bone dragon barely misses you.
The bone dragon tramples you!
You are held in place!
A cacophony of accursed wailing tears at your sanity!
You suddenly lose the ability to move!
The starcursed mass touches you but does no damage.
The starcursed mass touches you!
The tentacled monstrosity tentacle-slaps you but does no damage. x3
The tentacled monstrosity constricts you.
The starcursed mass touches you but does no damage. x2
The bone dragon bites you but does no damage.
The bone dragon claws you but does no damage.
The bone dragon tramples you!
* * * LOW HITPOINT WARNING * * *
You are held in place!
The starcursed mass touches you but does no damage.
The starcursed mass touches you but does no damage.
The tentacled monstrosity tentacle-slaps you!
* * * LOW HITPOINT WARNING * * *
The tentacled monstrosity tentacle-slaps you but does no damage. x2
The tentacled monstrosity constricts you.
The starcursed mass touches you but does no damage. x2
A cacophony of accursed wailing tears at your sanity!
* * * LOW HITPOINT WARNING * * *
The starcursed mass touches you but does no damage. x2
The bone dragon bites you but does no damage.
The bone dragon claws you but does no damage.
The bone dragon tramples you but does no damage.
The starcursed mass touches you but does no damage.
You can move again.
You are confused.
You feel invigorated.
The tentacled monstrosity tentacle-slaps you.
* * * LOW HITPOINT WARNING * * *
The tentacled monstrosity completely misses you. x2
The tentacled monstrosity constricts you!
* * * LOW HITPOINT WARNING * * *
The starcursed mass closely misses you.
The starcursed mass touches you but does no damage.
A cacophony of accursed wailing tears at your sanity!
You die... . # # ..## .# .# ...#..##.#. # .#.# ##..... . ...#.#.XXX.#.# ### ..XXXXXX.# # # ..# #XX@XX#

. .
#....XDXX.. .
#..#.#...#...
...
#...##...# #
##.. .....#
.. .##... .#.
#. .## #
#.....# #. .
.


You could see a bone dragon, 15 starcursed masses and a tentacled monstrosity.

Vanquished Creatures
  A dread lich (Abyss:3)
  2 juggernauts (Depths:3)
  Sojobo (Depths:1)
  Margery (Depths:4)
  Saint Roka (Elf:3)
  Nikola (Spider:4)
  Geryon (Hell)
  A golden dragon (Depths:4)
  Jory (Depths:4)
  A bone dragon (Depths:4)
  A Hell Sentinel (Abyss:3)
  Jorgrun (D:13)
  2 walking crystal tomes (Depths:3)
  The ghost of Joll the Tortoise, an adept FoRe of Jiyva (Vaults:1)
  A titan (Depths:2)
  2 tentacled monstrosities (Depths:3)
  Rupert (Orc:2)
  2 liches
  2 deep elf blademasters
  An acid blob (Vaults:1)
  2 tentacled starspawn (Abyss:3)
  4 deep elf master archers (Elf:3)
  2 krakens (Shoals:4)
  2 sphinxes
  Gastronok (Lair:1)
  6 tengu reavers
  3 shadow dragons
  Kirke (Lair:3)
  An azure jelly (Vaults:1)
  Roxanne (D:15)
  A revenant (Abyss:2)
  A draconian knight (Depths:4)
  9 deep elf sorcerers
  Donald (Vaults:1)
  6 deep elf elementalists
  6 fire giants
  6 emperor scorpions
  4 ghost moths
  8 frost giants
  2 iron dragons (Depths:4)
  11 vault wardens
  An angel (Abyss:3)
  The ghost of osoart the Metamorph, a journeyman TrSh of Hepliaklqana (Shoals:2)
  A reaper (Hell)
  2 orc warlords
  17 ironbound preservers
  A draconian shifter (Depths:4)
  2 broodmothers
  3 ironbound thunderhulks
  A spriggan defender (Depths:2)
  35 very ugly things
  8 vampire knights
  3 deep elf demonologists (Elf:3)
  12 stone giants
  2 black draconians (Depths:4)
  12 dire elephants
  A white draconian (Depths:4)
  2 red draconians (Depths:4)
  6 deep elf annihilators
  3 yellow draconians
  Snorg (Lair:3)
  A blizzard demon (Depths:4)
  A deep elf death mage (Elf:3)
  Josephine (D:14)
  6 ettins
  2 yaktaur captains
  An entropy weaver (Spider:2)
  8 merfolk javelineers
  11 fire dragons
  5 great orbs of eyes
  6 ice dragons
  6 deep elf high priests
  5 merfolk impalers (Shoals:4)
  Harold (D:10)
  Erolcha (D:10)
  4 rakshasas
  10 vault guards
  2 spriggan air magi (Depths:2)
  8 hydras
  A radroach (Spider:1)
  4 caustic shrike simulacra (IceCv)
  2 ogre magi
  A catoblepas (Lair:3)
  3 hell beasts
  A jorogumo (Spider:1)
  Erica (Orc:1)
  6 ironbound frosthearts
  4 merfolk aquamancers
  8 boulder beetles
  23 dancing weapons
  11 two-headed ogres
  5 merfolk avatars
  2 alligator snapping turtles
  8 centaur warriors
  6 deep troll shamans
  3 satyrs
  2 hell hogs (Abyss:3)
  A death knight (D:15)
  A tengu warrior (Depths:3)
  Urug (D:10)
  5 spriggan berserkers
  An orc high priest (Orc:2)
  5 demonic crawlers
  3 soul eaters
  2 sun demons
  12 deep troll earth magi
  Sonja (Lair:1)
  9 deep elf knights
  3 spriggans
  6 hell knights
  Nergalle (D:11)
  7 skysharks
  5 wretched stars (Abyss:3)
  8 iron trolls
  A salamander mystic (Volcano)
  A flayed ghost (Abyss:3)
  5 pharaoh ants
  3 skeletal warriors
  9 orb spiders
  15 sea snakes
  13 deep elf archers
  3 glowing orange brains
  65 deep trolls
  8 starcursed masses (Abyss:3)
  4 steelbarb worms
  6 phantasmal warriors
  6 wizards
  A steelbarb worm (shapeshifter) (Depths:4)
  An iron giant skeleton (Abyss:3)
  19 lindwurms
  26 deep elf pyromancers
  15 ironbound convokers
  24 deep elf zephyrmancers
  11 harpies
  A necromancer (Depths:4)
  3 orc knights
  11 cyclopes
  18 wolf spiders
  4 orc sorcerers
  2 shining eyes
  A salamander (Volcano)
  3 oklob plants (D:11)
  37 ugly things
  14 manticores
  10 fauns
  10 elephants
  7 large abominations
  A worldbinder (Abyss:3)
  Maurice (D:10)
  5 merfolk sirens
  2 eyes of devastation (Vaults:1)
  A moth of wrath (Spider:4)
  2 rust devils (Hell)
  14 vault sentinels
  2 smoke demons (Depths:2)
  10 water nymphs
  10 cane toads
  A torpor snail (shapeshifter) (Depths:4)
  6 black mambas
  2 torpor snails (Spider:4)
  2 molten gargoyles (Volcano)
  An unseen horror (shapeshifter) (Abyss:3)
  An orange demon (Abyss:3)
  2 gargoyles (Volcano)
  2 kobold demonologists
  2 unseen horrors (D:14)
  Jeremiah (Lair:1)
  4 komodo dragons
  2 ice devils
  6 freezing wraiths
  6 rime drakes
  4 efreet
  29 yaktaurs
  An ancient zyme (Abyss:1)
  3 tengu conjurers
  8 trolls
  6 meliai
  A queen bee (Abyss:3)
  2 guardian mummies (Vaults:4)
  3 red devils (Depths:2)
  34 merfolk
  A hellwing (Depths:2)
  Prince Ribbit (Lair:3)
  4 wind drakes
  A hornet (shapeshifter) (D:13)
  11 blink frogs
  A polar bear (Lair:5)
  7 dream sheep
  4 raiju (Abyss:3)
  10 snapping turtles
  16 tarantellas
  12 hornets
  A snapping turtle (shapeshifter) (Depths:3)
  37 slime creatures
  18 culicivoras
  17 jumping spiders
  A dire elephant simulacrum (IceCv)
  2 shadows
  4 air elementals
  2 wyverns
  10 wraiths
  3 ynoxinuls (Abyss:3)
  4 hogs (Lair:3)
  7 humans (D:14)
  16 water elementals
  19 yaks
  7 basilisks
  4 fire elementals
  42 redbacks
  2 steam dragons (Lair:5)
  2 chaos spawn (Abyss:3)
  3 neqoxecs (Abyss:3)
  7 vampire mosquitoes
  A hell hound (Abyss:3)
  8 water moccasins
  An acid dragon (shapeshifter) (Abyss:3)
  2 floating eyes
  An ice beast (D:6)
  29 orc warriors
  3 sky beasts
  2 black bears
  12 ogres
  15 wolves
  6 boggarts (Vaults:1)
  15 centaurs
  4 small abominations (Abyss:3)
  4 phantoms
  6 kobold brigands
  10 bullfrogs
  4 earth elementals
  2 elf zombies (D:7)
  3 scorpions
  2 gnoll sergeants
  3 elf skeletons (D:7)
  18 wights
  14 killer bees
  A lindwurm simulacrum (IceCv)
  2 howler monkeys
  7 electric eels
  2 lava snakes (Lair:4)
  A crimson imp (Abyss:2)
  A hound (D:7)
  2 quasits (Abyss:3)
  An iron imp (Abyss:3)
  3 jellies
  Crazy Yiuf (D:4)
  A gnoll bouda (D:7)
  12 orc priests
  A sleepcap (D:5)
  3 human skeletons (D:7)
  3 iguanas
  18 orc wizards
  5 gnolls (D:7)
  11 adders
  6 shadow imps
  A white imp (D:7)
  2 ufetubi
  An adder zombie (Ossuary)
  4 worms
  3 dart slugs
  114 orcs
  9 ball pythons
  8 endoplasms
  6 giant cockroaches
  11 goblins
  12 hobgoblins
  9 jackals
  6 quokkas
  A ball python skeleton (Ossuary)
  7 bats
  3 frilled lizards (D:1)
  2 hobgoblin skeletons (Ossuary)
  27 kobolds
  3 orc skeletons
  2 orc zombies
  9 rats
  A spectral hobgoblin (D:4)
  A lurking horror (Abyss:3)
1756 creatures vanquished.

Vanquished Creatures (collateral kills)
  A deep elf blademaster (Elf:3)
  A sphinx (Vaults:4)
  A tentacled starspawn (Abyss:3)
  A fire giant (Depths:3)
  A deep elf sorcerer (Elf:3)
  3 frost giants
  A draconian shifter (Abyss:3)
  2 ironbound preservers (Vaults:4)
  An ironbound thunderhulk (Vaults:3)
  7 very ugly things
  A vampire knight (Depths:2)
  2 deep elf annihilators
  A deep elf death mage (Elf:3)
  3 vault guards
  A merfolk aquamancer (Shoals:4)
  An ironbound frostheart (Vaults:4)
  A centaur warrior (Vaults:4)
  3 dancing weapons (Elf:2)
  2 two-headed ogres (Vaults:4)
  An orc high priest (Orc:2)
  3 hell hogs
  4 thrashing horrors (Abyss:3)
  2 deep elf knights (Elf:2)
  2 wretched stars (Abyss:3)
  An iron troll (Depths:2)
  2 deep trolls
  An orange crystal statue (IceCv)
  A necromancer (Depths:3)
  2 orc knights (Orc:2)
  2 ironbound convokers (Vaults:4)
  2 orc sorcerers
  An ugly thing (Abyss:3)
  A salamander (Volcano)
  A worldbinder (Abyss:3)
  A komodo dragon (Lair:5)
  A gargoyle (Volcano)
  A freezing wraith (IceCv)
  An ancient zyme (Abyss:3)
  2 meliai (Abyss:3)
  A hornet (Lair:5)
  2 merfolk (Shoals:1)
  2 trolls (Orc:1)
  A raiju (Abyss:3)
  5 dream sheep (Lair:4)
  A slime creature (Vaults:3)
  A water elemental (Shoals:4)
  A small abomination (Abyss:3)
  A dire elephant simulacrum (IceCv)
  A human (D:14)
  A neqoxec (Abyss:3)
  2 wargs
  11 orc warriors
  A lindwurm simulacrum (IceCv)
  11 orc priests
  7 orc wizards
  21 orcs
  A fire vortex (Hell)
137 creatures vanquished.

Vanquished Creatures (others)
  A frost giant (Depths:3)
  A hell knight (Hell)
  A deep elf knight (Elf:2)
  An apocalypse crab (Abyss:3)
  A hornet (Lair:5)
  A human (D:14)
  A killer bee (D:8)
  2 small abominations (Abyss:3)
  A gnoll (D:7)
  An orc (Orc:2)
  2 creeping infernos (Hell)
  A lurking horror (Abyss:3)
  4 starspawn tentacles (Abyss:3)
  8 tentacles (Shoals:4)
26 creatures vanquished.

Grand Total: 1919 creatures vanquished

Notes
Turn   | Place    | Note
-------+----------+-------------------------------------------
     0 | D:1      | bobo the Kobold Berserker began the quest for the Orb.
     0 | D:1      | Reached XP level 1. HP: 14/14 MP: 1/1
   187 | D:1      | Reached XP level 2. HP: 19/19 MP: 2/2
   204 | D:1      | Upgraded the game from 0.31-a0-636-ge1c0e020e0 to
                  | 0.31-a0-640-g39d97e502b
   263 | D:1      | Reached skill level 1 in Stealth
   371 | D:1      | Reached XP level 3. HP: 24/24 MP: 3/3
   400 | D:1      | Reached ** piety under Trog
  1073 | D:2      | Reached XP level 4. HP: 29/29 MP: 4/4
  1799 | D:3      | Reached skill level 5 in Short Blades
  1919 | D:3      | Reached skill level 2 in Stealth
  2081 | D:3      | Reached *** piety under Trog
  2098 | D:3      | Found a snail-covered altar of Cheibriados.
  2108 | D:3      | Reached XP level 5. HP: 31/34 MP: 5/5
  2315 | D:3      | Found a shadowy altar of Dithmenos.
  2323 | D:3      | Found a blossoming altar of Fedhas.
  2415 | D:3      | Reached XP level 6. HP: 40/40 MP: 6/6
  2590 | D:4      | Upgraded the game from 0.31-a0-640-g39d97e502b to
                  | 0.31-a0-654-gbe3e110b4e
  2805 | D:4      | Reached skill level 5 in Fighting
  2913 | D:4      | Reached skill level 3 in Stealth
  3171 | D:4      | Found an opulent altar of Gozag.
  3456 | D:4      | Reached XP level 7. HP: 44/44 MP: 7/7
  3655 | D:4      | Found a runed translucent door.
  3658 | D:4      | Noticed Crazy Yiuf
  3751 | D:4      | Found a hazy altar of Hepliaklqana.
  3835 | D:4      | Killed Crazy Yiuf
  3876 | D:5      | Entered Level 5 of the Dungeon
  3948 | D:5      | Reached **** piety under Trog
  4045 | D:5      | Found Pifeucs's Tiny Tomes.
  4053 | D:5      | Reached skill level 4 in Stealth
  4169 | D:5      | Reached XP level 8. HP: 52/52 MP: 8/8
  4355 | D:5      | Reached skill level 5 in Stealth
  4471 | D:5      | Identified the +5 trident of Imminent Death {spect, Str+3}
  4573 | D:6      | Reached skill level 5 in Dodging
  4977 | D:6      | Found a staircase to the Ecumenical Temple.
  4983 | D:6      | Reached XP level 9. HP: 57/57 MP: 9/9
  5078 | D:6      | Found the +8 frozen axe "Frostbite" {freeze, freezing
                  | cloud, *Noise Fly rC+}
  5385 | D:7      | Reached skill level 1 in Throwing
  5385 | D:7      | Reached skill level 6 in Stealth
  5648 | D:7      | Found a sand-covered staircase.
  5680 | D:7      | Reached skill level 10 in Short Blades
  5683 | Ossuary  | Entered an ossuary
  5689 | Ossuary  | Reached skill level 10 in Fighting
  5689 | Ossuary  | Reached skill level 10 in Stealth
  5689 | Ossuary  | Reached XP level 10. HP: 68/68 MP: 10/10
  5826 | Ossuary  | Reached ***** piety under Trog
  5845 | Ossuary  | Reached skill level 1 in Evocations
  6515 | D:8      | Identified the ring of Ignis's Anger {rPois rF+}
  6551 | D:8      | Reached XP level 11. HP: 61/73 MP: 11/11
  6967 | D:8      | Noticed a skeletal warrior
  7000 | D:8      | Killed a skeletal warrior
  7001 | D:8      | Noticed a two-headed ogre
  7012 | D:8      | Killed a two-headed ogre
  7013 | D:8      | Reached skill level 10 in Dodging
  7023 | D:8      | Noticed a two-headed ogre
  7027 | D:8      | Killed a two-headed ogre
  7034 | D:8      | Identified the staff "Ohent" {rPois MP+9 Dex+3 Poison}
  7131 | D:8      | Found a hide-covered altar of Uskayaw.
  7765 | D:9      | Found a sacrificial altar of Ru.
  7988 | D:9      | Reached skill level 5 in Evocations
  8007 | D:9      | Identified the +8 scale mail of the Zealous God {rPois
                  | Dex+3}
  8036 | D:9      | Found a shimmering altar of Xom.
  8036 | D:9      | Found a shimmering altar of Xom.
  8036 | D:9      | Found a shimmering altar of Xom.
  8037 | D:9      | Found a shimmering altar of Xom.
  8071 | D:9      | Found a shimmering altar of Xom.
  8236 | D:9      | Found a burning altar of Makhleb.
  8411 | D:9      | Found a white marble altar of Elyvilon.
  8569 | D:9      | Found a shimmering blue altar of Sif Muna.
  8657 | D:10     | Entered Level 10 of the Dungeon
  8677 | D:10     | Noticed a two-headed ogre
  8680 | D:10     | Killed a two-headed ogre
  8681 | D:10     | Reached XP level 12. HP: 80/80 MP: 12/12
  8735 | D:10     | Noticed Erolcha
  8746 | D:10     | Killed Erolcha
  8860 | D:10     | Noticed Maurice
  8864 | D:10     | Killed Maurice
  8989 | D:10     | Found Niaps's Jewellery Emporium.
  8995 | D:10     | Bought a ring of see invisible for 210 gold pieces
  8998 | D:10     | Noticed Urug
  9015 | D:10     | Killed Urug
  9082 | D:10     | Noticed Harold
  9086 | D:10     | Killed Harold
  9086 | D:10     | Received a gift from Trog
  9120 | D:10     | Found a staircase to the Orcish Mines.
  9352 | D:10     | Reached skill level 11 in Stealth
  9765 | Orc:1    | Entered Level 1 of the Orcish Mines
 10015 | Orc:2    | Entered Level 2 of the Orcish Mines
 10117 | Orc:2    | Noticed Rupert
 10121 | Orc:2    | Killed Rupert
 10122 | Orc:2    | Reached XP level 13. HP: 86/86 MP: 13/13
 10422 | Orc:2    | Found Daism's Book Boutique.
 10550 | Orc:2    | Found Qyz Cino's Magic Scroll Boutique.
 10555 | Orc:2    | Bought a scroll of enchant armour for 97 gold pieces
 10555 | Orc:2    | Bought a scroll of teleportation for 39 gold pieces
 10555 | Orc:2    | Bought a scroll of vulnerability for 52 gold pieces
 10555 | Orc:2    | Bought 2 scrolls of identify for 52 gold pieces
 10842 | Orc:2    | Reached skill level 12 in Stealth
 11039 | Orc:2    | Found a staircase to the Elven Halls.
 11068 | Orc:2    | Received a gift from Trog
 11085 | Orc:2    | Noticed an orc warlord
 11092 | Orc:2    | Killed an orc warlord
 11120 | Orc:2    | Found Tali's Antique Weapon Emporium.
 11126 | Orc:2    | Found Lojatops's Antique Armour Shoppe.
 11140 | Orc:2    | Bought a pair of runed gloves for 187 gold pieces
 11225 | Orc:2    | Found Aggekh's Jewellery Boutique.
 11480 | Elf:1    | Entered Level 1 of the Elven Halls
 11486 | Elf:1    | Noticed a deep elf annihilator
 11749 | Orc:1    | Noticed Erica
 11767 | Orc:1    | Killed Erica
 12677 | D:11     | Found a staircase to the Lair.
 12798 | D:11     | Noticed Nergalle
 12802 | D:11     | Killed Nergalle
 13174 | D:11     | Reached skill level 13 in Stealth
 13226 | Lair:1   | Entered Level 1 of the Lair of Beasts
 13284 | Lair:1   | Noticed Jeremiah
 13288 | Lair:1   | Killed Jeremiah
 13342 | Lair:1   | Noticed Sonja
 13350 | Lair:1   | Killed Sonja
 13351 | Lair:1   | Reached XP level 14. HP: 94/94 MP: 14/14
 13425 | Lair:1   | Noticed Gastronok
 13446 | Lair:1   | Killed Gastronok
 13726 | Lair:1   | Reached skill level 1 in Shields
 14198 | Lair:2   | Found a dark tunnel.
 14203 | Volcano  | Entered a volcano
 14430 | Volcano  | Reached skill level 5 in Shields
 14430 | Volcano  | Reached XP level 15. HP: 99/99 MP: 15/15
 14431 | Volcano  | Reached XP level 16. HP: 104/104 MP: 16/16
 14432 | Volcano  | Reached skill level 14 in Stealth
 14432 | Volcano  | Reached XP level 17. HP: 110/110 MP: 17/17
 14567 | Volcano  | Noticed an orb of fire
 14579 | Volcano  | Noticed an orb of fire
 15543 | Lair:3   | Found a staircase to the Shoals.
 15682 | Lair:3   | Found a hole to the Spider Nest.
 15718 | Lair:3   | Noticed Prince Ribbit
 15722 | Lair:3   | Killed Prince Ribbit
 16212 | D:12     | Found a runed translucent gate.
 16213 | D:12     | Found a runed translucent gate.
 16214 | D:12     | Found a runed translucent gate.
 16614 | D:13     | Noticed Jorgrun
 16618 | D:13     | Killed Jorgrun
 16742 | D:13     | Reached skill level 15 in Stealth
 17277 | D:14     | Noticed Josephine
 17295 | D:14     | Killed Josephine
 17296 | D:14     | Reached skill level 10 in Shields
 17571 | D:14     | Gained mutation: You are somewhat resistant to further
                  | mutation. [potion of mutation]
 17571 | D:14     | Gained mutation: You are covered in fur. (AC +1) [potion of
                  | mutation]
 17571 | D:14     | Gained mutation: Your system is resistant to poisons.
                  | (rPois) [potion of mutation]
 17576 | D:14     | Found a runed translucent gate.
 17576 | D:14     | Found a runed translucent gate.
 17577 | D:14     | Found a runed translucent gate.
 17895 | D:14     | Identified the amulet of Haczoxoa {Faith Fragile Int+3
                  | Stlth+}
 17907 | D:14     | Identified the +1 dagger of Teism {spect, rPois Int+3}
 17913 | D:14     | Identified the +4 orcbow of Insufficient Pleasure {heavy,
                  | rC+ rN+ Will+ Int+3}
 18042 | D:14     | Reached XP level 18. HP: 117/117 MP: 18/18
 18084 | D:14     | Found a gate to the Vaults.
 18089 | D:14     | Found the +13 scythe of Curses {drain, curses, Drain}
 18366 | D:15     | Entered Level 15 of the Dungeon
 18390 | D:15     | Found a flickering gateway to a bazaar.
 18396 | Bazaar   | Entered a bazaar
 18401 | Bazaar   | Found Rupimuom's Antique Armour Shoppe.
 18406 | Bazaar   | Found Roagomes's Jewellery Shop.
 18411 | Bazaar   | Found Gootzamo's General Store.
 18420 | Bazaar   | Found Cuaprol's Jewellery Boutique.
 18432 | Bazaar   | Found Debe Nierine's Antique Armour Shop.
 18453 | Bazaar   | Bought the amulet of Vitality {RegenMP++ Regen++} for 1200
                  | gold pieces
 18453 | Bazaar   | Found the amulet of Vitality {RegenMP++ Regen++}
 18521 | D:15     | Reached skill level 16 in Stealth
 18619 | D:15     | Noticed Roxanne
 18696 | D:15     | Reached skill level 15 in Fighting
 18715 | D:15     | Found a staircase to the Depths.
 18885 | D:15     | Received a gift from Trog
 19600 | Lair:3   | Noticed Snorg
 19604 | Lair:3   | Killed Snorg
 19900 | Lair:3   | Identified the +3 ring mail of Uvivuho {rElec Int+7 SInv}
 20124 | Lair:3   | Noticed Kirke
 20143 | Lair:3   | Killed Kirke
 20746 | Lair:4   | Reached skill level 17 in Stealth
 21340 | Lair:5   | Entered Level 5 of the Lair of Beasts
 21596 | Lair:5   | Identified the +3 trident of Ronuanow {elec, rPois rN+
                  | Will- Str+5}
 21751 | Lair:5   | Found a viscous altar of Jiyva.
 21758 | Lair:5   | Found a staircase to the Slime Pits.
 22761 | Shoals:1 | Entered Level 1 of the Shoals
 23302 | Shoals:1 | Reached XP level 19. HP: 125/125 MP: 19/19
 23527 | Shoals:1 | Received a gift from Trog
 23528 | Shoals:1 | Reached skill level 5 in Armour
 24652 | Shoals:2 | Found a runed translucent gate.
 24653 | Shoals:2 | Found a runed translucent gate.
 24654 | Shoals:2 | Found a runed translucent gate.
 25302 | Shoals:2 | Noticed osoart's ghost (journeyman TrSh)
 25306 | Shoals:2 | Killed osoart's ghost
 25308 | Shoals:2 | Identified the +4 long sword of Turmoil {flame, Str+5}
 25316 | Shoals:2 | Upgraded the game from 0.31-a0-654-gbe3e110b4e to
                  | 0.31-a0-656-gb4d89c20fa
 25316 | Shoals:2 | Upgraded the game from 0.31-a0-656-gb4d89c20fa to
                  | 0.31-a0-662-g684573625c
 25431 | Shoals:3 | Found a frozen archway.
 25437 | IceCv    | Entered an ice cave
 25510 | IceCv    | Found a transporter.
 25578 | IceCv    | Found a transporter.
 25581 | IceCv    | Identified the staff "Pegal" {Drain rF++ Str+5 Earth}
 25639 | Shoals:3 | Identified the +4 rapier "Ypebely" {venom, rElec Dex+3
                  | SInv}
 25661 | Shoals:3 | Reached skill level 18 in Stealth
 26103 | Shoals:3 | Reached skill level 10 in Evocations
 26662 | Shoals:4 | Entered Level 4 of the Shoals
 26949 | Shoals:4 | Reached skill level 15 in Dodging
 27469 | Shoals:4 | Reached XP level 20. HP: 133/133 MP: 20/20
 27480 | Shoals:4 | Got a barnacled rune of Zot
 27784 | Shoals:4 | Received a gift from Trog
 28370 | Spider:1 | Entered Level 1 of the Spider Nest
 28557 | Spider:1 | Found a runed translucent gate.
 28558 | Spider:1 | Found a runed translucent gate.
 28559 | Spider:1 | Found a runed translucent gate.
 28776 | Spider:1 | Reached skill level 15 in Short Blades
 29305 | Spider:1 | Noticed Grorgnorb's ghost (adept MeWn)
 29388 | Spider:2 | Upgraded the game from 0.31-a0-662-g684573625c to
                  | 0.31-a0-664-g902f515a81
 29777 | Spider:2 | Identified the +9 spear "Vosmix" {heavy, Dex+3} (Trog
                  | gifted it to you on level 2 of the Spider Nest)
 29777 | Spider:2 | Received a gift from Trog
 30132 | Spider:3 | Reached skill level 19 in Stealth
 30877 | Spider:4 | Entered Level 4 of the Spider Nest
 30883 | Spider:4 | Noticed Nikola
 30887 | Spider:4 | Killed Nikola
 31353 | Spider:4 | Received a gift from Trog
 31438 | Spider:4 | Reached XP level 21. HP: 118/140 MP: 4/21
 31661 | Spider:4 | Got a gossamer rune of Zot
 32287 | Elf:1    | Reached ****** piety under Trog
 32383 | Elf:1    | Received a gift from Trog
 33156 | Elf:1    | Found an ancient bone altar of Kikubaaqudgha.
 33299 | Elf:1    | Received a gift from Trog
 33435 | Elf:2    | Reached skill level 20 in Stealth
 33902 | Elf:2    | Found a runed translucent gate.
 33902 | Elf:2    | Found a runed translucent gate.
 33902 | Elf:2    | Found a runed translucent gate.
 34482 | Elf:3    | Entered Level 3 of the Elven Halls
 34497 | Elf:3    | Reached XP level 22. HP: 148/148 MP: 22/22
 34833 | Elf:3    | Received a gift from Trog
 34908 | Elf:3    | Noticed Saint Roka
 34913 | Elf:3    | Killed Saint Roka
 35558 | Elf:3    | Paralysed by an air elemental for 1 turns
 35585 | Elf:3    | Received a gift from Trog
 35763 | Elf:3    | Found the +3 hat of Pondering {ponderous, Will+ MP+10
                  | Int+5}
 35800 | Elf:3    | Identified the +3 falchion of Eternal Vigilance {pain,
                  | Contam rC+ SInv}
 35807 | Elf:3    | Identified the +2 helmet of Restlessness {-Cast rElec rCorr
                  | Stlth+}
 35838 | Elf:3    | Identified the amulet of the Fortifying Gods {rC- Regen+
                  | Dex+2 SInv}
 35842 | Elf:3    | Identified the +2 pair of gloves of the Enchanted Forest
                  | {rElec rC- Int+4 Dex+3}
 35882 | Elf:3    | Identified the ring of the Two Names {Fly MP+9}
 35892 | Elf:3    | Identified the staff "Anlaz" {rF+ rC+ Str-4 Int+2 Dex+4
                  | Stlth- Ice}
 35898 | Elf:3    | Identified the staff "Quxzoe" {rPois rCorr Int-5 Dex+3
                  | Earth}
 35938 | Elf:3    | Identified the staff "Reggoppa" {rPois rC+ rN+ Ice}
 36277 | Vaults:1 | Entered Level 1 of the Vaults
 36532 | Vaults:1 | Reached skill level 21 in Stealth
 36764 | Vaults:1 | Found a runed translucent gate.
 36764 | Vaults:1 | Found a runed translucent gate.
 36764 | Vaults:1 | Found a runed translucent gate.
 37071 | Vaults:1 | Received a gift from Trog
 37113 | Vaults:1 | Identified the +5 arbalest "Viuz" {penet, rElec rN+ Will-
                  | Stlth+}
 37117 | Vaults:1 | Identified the +1 arbalest "Xom's Fair Game" {heavy,
                  | Will++}
 37151 | Vaults:1 | Noticed Donald
 37155 | Vaults:1 | Killed Donald
 37343 | Vaults:1 | Noticed Joll's ghost (adept FoRe)
 37418 | Vaults:1 | Killed Joll's ghost
 37422 | Vaults:1 | Found a viscous altar of Jiyva.
 37434 | Vaults:1 | Identified the +1 helmet "Woos" {SInv}
 37505 | Vaults:2 | Reached XP level 23. HP: 155/155 MP: 23/23
 37538 | Vaults:2 | Reached skill level 10 in Armour
 37685 | Vaults:2 | You fall into a shaft and drop 1 floor!
 37740 | Vaults:3 | Found a flickering gateway to a bazaar.
 37746 | Bazaar   | Entered a bazaar
 37763 | Bazaar   | Found Hoapp's Antique Armour Shoppe.
 37777 | Bazaar   | Found Ceekool's Weapon Shoppe.
 37804 | Bazaar   | Found Ruhyih's Antique Weapon Emporium.
 37818 | Bazaar   | Found Afar's Armour Emporium.
 37849 | Bazaar   | Bought a pair of embroidered boots for 120 gold pieces
 37849 | Bazaar   | Bought a pair of runed gloves for 120 gold pieces
 38297 | Vaults:2 | Found a staircase to the Crypt.
 38297 | Vaults:2 | Found an ancient bone altar of Kikubaaqudgha.
 38297 | Vaults:2 | Found a basalt altar of Yredelemnul.
 39278 | Vaults:3 | Received a gift from Trog
 39553 | Vaults:3 | Reached skill level 15 in Evocations
 40538 | Vaults:4 | Reached skill level 22 in Stealth
 40555 | Vaults:4 | Found Rooged's Jewellery Shop.
 40579 | Vaults:4 | Received a gift from Trog
 40849 | Vaults:4 | Reached XP level 24. HP: 162/162 MP: 23/23
 40905 | Vaults:4 | Found a portal to a secret trove of treasure.
 41047 | Vaults:4 | Received a gift from Trog
 41334 | Vaults:4 | Identified the +4 short sword of Eternal Night {speed,
                  | rElec rF+ Dex+3}
 42038 | D:15     | Killed Roxanne
 42041 | D:15     | Identified the amulet of the Two Names {Faith Contam
                  | Fragile rCorr Int+9}
 42068 | Depths:1 | Entered Level 1 of the Depths
 42081 | Depths:1 | Found an iron altar of Okawaru.
 42171 | Depths:1 | Noticed Sojobo
 42175 | Depths:1 | Killed Sojobo
 42179 | Depths:1 | Received a gift from Trog
 42897 | Depths:1 | Identified the +5 mace "Kevvaune" {speed, rPois}
 43103 | Depths:1 | Found a gateway to Hell.
 43120 | Hell     | Entered the Vestibule of Hell
 43120 | Hell     | Noticed Geryon
 43124 | Hell     | Killed Geryon
 43161 | Hell     | Found a gateway to the ashen valley of Gehenna.
 43312 | Depths:2 | Reached skill level 23 in Stealth
 43348 | Depths:2 | Found a one-way gate to the infinite horrors of the Abyss.
 43495 | Depths:2 | Identified the +7 war axe of the Unseen Realm {heavy,
                  | Fragile Will+ Str+6 Dex-5} (Trog gifted it to you on level
                  | 2 of the Depths)
 43495 | Depths:2 | Received a gift from Trog
 43533 | Depths:2 | Upgraded the game from 0.31-a0-664-g902f515a81 to
                  | 0.31-a0-667-g39726597b9
 43566 | Depths:2 | Paralysed by a vampire knight for 2 turns
 43828 | Depths:2 | Reached XP level 25. HP: 169/169 MP: 23/23
 44043 | Depths:2 | Found a runed translucent gate.
 44044 | Depths:2 | Found a runed translucent gate.
 44045 | Depths:2 | Found a runed translucent gate.
 44045 | Depths:2 | Noticed Sundig's ghost (adept MiFi)
 44581 | Depths:2 | Found a one-way gate leading to the halls of Pandemonium.
 44909 | Depths:2 | Received a gift from Trog
 45632 | Depths:3 | Identified the ring "Doocs" {AC+4 Str+2}
 45754 | Depths:3 | Noticed a juggernaut
 45755 | Depths:3 | Noticed a juggernaut
 45758 | Depths:3 | Killed a juggernaut
 45808 | Depths:3 | Killed a juggernaut
 45809 | Depths:3 | Reached skill level 24 in Stealth
 45841 | Depths:3 | Identified the +7 glaive of the Pit {antimagic, +Blink}
 46028 | Depths:3 | Received a gift from Trog
 46590 | Depths:4 | Entered Level 4 of the Depths
 46686 | Depths:4 | Found a one-way gateway to a ziggurat.
 46769 | Depths:4 | Noticed Jory
 46773 | Depths:4 | Killed Jory
 46910 | Depths:4 | Noticed Margery
 46915 | Depths:4 | Killed Margery
 47039 | Depths:4 | Reached XP level 26. HP: 177/177 MP: 23/23
 47148 | Depths:4 | Found a gate to the Realm of Zot.
 47955 | Depths:3 | Voluntarily entered the Abyss.
 48272 | Abyss:3  | Found a corrupted altar of Lugonu.
 48358 | Abyss:3  | Found a corrupted altar of Lugonu.
 48361 | Abyss:3  | Found a transporter.
 48422 | Abyss:3  | Noticed a dread lich
 48441 | Abyss:3  | Killed a dread lich
 48544 | Abyss:3  | Found a corrupted altar of Lugonu.
 48568 | Abyss:3  | Found a corrupted altar of Lugonu.
 48568 | Abyss:3  | Found a corrupted altar of Lugonu.
 48570 | Abyss:3  | Gained mutation: Your spells are a little easier to cast,
                  | but a little less powerful. [a shining eye]
 48575 | Abyss:3  | Gained mutation: Your magical capacity is low. (-10% MP) [a
                  | shining eye]
 48611 | Abyss:3  | Received a gift from Trog
 48675 | Abyss:3  | Reached skill level 25 in Stealth
 48697 | Abyss:3  | Paralysed by a great orb of eyes for 2 turns
 48848 | Abyss:3  | Got an abyssal rune of Zot
 48952 | Abyss:3  | Received a gift from Trog
 49117 | Abyss:3  | Paralysed by accursed screaming for 2 turns
 49132 | Abyss:3  | Paralysed by accursed screaming for 2 turns
 49135 | Abyss:3  | Killed from afar by a starcursed mass

Illustrated notes

Levels and vault maps discovered:
D:1:      dpeg_arrival_morbid_curiosity, layout_loops_ring, minmay_cut_off
D:2:      layout_loops_ring
D:3:      layout_loops_ring, mainiacjoe_overflow_small_starburst,
          fedhas_altar_2, grunt_dithmenos_smoke
D:4:      layout_cave_pods, nicolae_hepliaklqana_monster_ancestors,
          grunt_gozag_statues, uniq_crazy_yiuf_cottage
D:5:      layout_basic, nicolae_shop_i_like_small_books_too
D:6:      layout_loops_ring, minmay_temple_entry_grid,
          ebering_dispersal_statue_hall
D:7:      layout_rooms, nicolae_ossuary_entry_catacombs, serial_bayou,
          serial_bayou_pond_d, serial_bayou_ford_a, serial_bayou_crossing,
          serial_bayou_pond_e
D:8:      layout_basic, marbit_many_paths, minmay_pinched_square
D:9:      layout_loops_ring, tgw_sif, xom_redecorated,
          mainiacjoe_overflow_tiny_flanked, kennysheep_mini_moat,
          nicolae_ru_sacrificial_ziggurat
D:10:     layout_loops_ring, orc_0_dummy, serial_rivers,
          chequers_serial_rivers_room_b, chequers_serial_rivers_small_a,
          chequers_serial_rivers_small_b, chequers_serial_rivers_room_b,
          chequers_serial_rivers_micro_e, chequers_serial_rivers_marsh,
          special_room [special_room_orc], serial_shops,
          nicolae_shop_pleasant_corner_grove, minmay_increasing_density,
          uniq_maurice, uniq_erolcha, uniq_urug, uniq_harold
D:11:     layout_stronghold, dpeg_oklobed_lair, uniq_nergalle
D:12:     layout_cave_pools, ploomutoo_gammafunk_ghost_potion_laboratory,
          serial_park, serial_park_tiny_pond, serial_park_tiny_pond,
          serial_park_avenue1, serial_park_tiny_pond, hangedman_decor_push
D:13:     layout_rooms, kennysheep_generic_room_12, uniq_jorgrun
D:14:     layout_irregular_city, ximxim_vaults_locker_room,
          gammafunk_ghost_spectres, nicolae_two_hexagons, serial_glass,
          glass_columns_a, glass_columns_c, due_unseen_surprise,
          minmay_strange_pillars, minmay_strange_pillars, feat_on_display,
          uniq_josephine
D:15:     hellmonk_depths_entry_around_the_bend, layout_small_grid,
          serial_shops, bzr_entry_water, dk_noncrumbling_4,
          minmay_quadrilaterals, uniq_roxanne
Lair:1:   layout_roguey, uniq_sonja, uniq_jeremiah, uniq_gastronok
Lair:2:   layout_roguey, enter_volcano_1
Lair:3:   layout_loops_ring, minmay_shoals_entry_centaurs,
          spider_nest_entry_rubble, serial_bayou, serial_bayou_pond_a,
          serial_bayou_pond_e, serial_bayou_pond_c, serial_bayou_pond_e,
          chequers_serial_rivers_small_a, uniq_prince_ribbit2, uniq_kirke,
          uniq_snorg
Lair:4:   layout_roguey, chequers_serial_rivers_large_a,
          nicolae_lair_liquid_snakes
Lair:5:   gammafunk_lair_ancient_temple, layout_gridlike, slime_entry_1,
          minmay_lair_drake_nest, lemuel_fruit_fields
Shoals:1: layout_shoals, nicolae_shoals_flooded_hall
Shoals:2: layout_shoals, ebering_ghost_rock_garden, abandoned_shop
Shoals:3: layout_shoals, portal_ice_cave_entry_frozen_things
Shoals:4: shoals_end_grunt_ice, layout_shoals
Spider:1: layout_spider_delve, gammafunk_ghost_tricky_traps
Spider:2: nicolae_spider_mines_2
Spider:3: layout_spider_delve, nicolae_spider_twisty_arc_passages
Spider:4: spider_rune_water, uniq_nikola
Orc:1:    layout_caves, uniq_erica
Orc:2:    grunt_orc_community_town_hall, layout_caves,
          grunt_orc_community_big_house_1, grunt_orc_community_big_house_2,
          grunt_orc_community_house_2, grunt_orc_community_house_1,
          grunt_orc_community_house_3, grunt_orc_community_house_2,
          grunt_orc_community_house_2, grunt_orc_community_house_3,
          serial_shops, shop, uniq_rupert
Elf:1:    layout_loops_corners, basic_altar, minmay_elf_annihilation, hex_tiny
Elf:2:    elven_hall_of_blades_hangedman_original
          [nicolae_blade_entry_antechamber], layout_geoelf_grid
Elf:3:    minmay_elf_hall_circle, layout_gridlike, uniq_saint_roka
Vaults:1: gammafunk_ghost_ooze, nicolae_vaults_cochlea, vaults_mumra_hex,
          v_alt_pattern_5, vaults_room_large_hall, hangedman_vaults_nails,
          nicolae_vaults_diamond_1, vaults_standard_mumra_enter_the_diamond,
          nicolae_vaults_little_squares_5, ontoclasm_vaults_misaligned,
          nicolae_vaults_yaktaur_gun_rack, nicolae_vaults_six-pack,
          ontoclasm_vaults_misaligned, layout_vaults_maze_bifur, uniq_donald
Vaults:2: v_alt_pattern_6, v_alt_pattern_2, hangedman_vaults_restitches,
          nicolae_vaults_cornered_office, minmay_crypt_entry_necro_gods,
          nicolae_vaults_offset_grid_hallway_3, nicolae_vaults_alarming,
          v_pattern_1, vaults_mumra_chevron_long, nicolae_vaults_holding_cells,
          nicolae_vaults_asterisk, nicolae_vaults_diamond_2, layout_vaults_ring
Vaults:3: v_misc_5, hangedman_vaults_river_flow,
          nicolae_vaults_trapezoid_lopsided_3, v_misc_3,
          nicolae_vaults_storage_closets_1, nicolae_vaults_trapezoid_layered,
          nicolae_vaults_house_2, layout_vaults_omnigrid, serial_shops,
          bzr_firewalk
Vaults:4: hangedman_vaults_slice, v_misc_32, st_check, vaults_dpeg_doors,
          nicolae_vaults_triangles, nicolae_vaults_apartment_1,
          nicolae_vaults_more_shelving_2, nicolae_vaults_trapezoid_layered,
          nicolae_vaults_tetromino_Z_2, nicolae_vaults_cochlea,
          layout_vaults_omnicross, serial_shops, shop,
          nicolae_trove_entry_path_of_doom
Depths:1: layout_honeycomb, fountainhead, grunt_hell_entry_dis_old,
          minmay_tree_intersection, minmay_hedge_maze, okawaru_trees_1,
          uniq_sojobo
Depths:2: minmay_outward_triangles, layout_honeycomb,
          biasface_ghost_demon_polymorph, serial_glass, glass_columns_c,
          glass_columns_b, grunt_pan_entry_spiral, abyss_entry,
          hangedman_coc_ice_floe, hangedman_decor_diamond_cutter,
          infiniplex_staircase_spiral
Depths:3: minmay_the_grid_octo_triangle [minmay_the_grid_octo_chip,
          minmay_the_grid_octo_prize_square_snowflake,
          minmay_the_grid_octo_fat_diamond], layout_honeycomb, hellmouth_1,
          abyss_entry, minmay_misc_feat_pillars, minmay_stone_trees_medium
Depths:4: grunt_zot_entry_gee_three, layout_gridville, enter_ziggurat_e,
          grunt_mini_vestibule, hangedman_glass_teeth, uniq_margery, uniq_jory
Hell
Abyss:3:  base: Vaults:1, gammafunk_corrupted_shrine,
          gammafunk_corrupted_shrine, guppyfry_abyss_exit_imp_island,
          minivault_20, minivault_20, minivault_27, hangedman_abyss_theft,
          hangedman_summoners_spam, grunt_abyss_rune_wretched_hive,
          grunt_abyss_rune_wretched_hive, spicy_abyss_pitcher_plant,
          due_exit_kobolds, due_exit_kobolds, spicy_abyss_rude_harpoons,
          hangedman_abyss_or_decor_passed, evilmike_abyss_exit_12,
          lemuel_flamethrower_hall

Skill      XL: |  1  2  3  4  5  6  7  8  9 10 11 12 13 14 15 16 17 18 19 20 21 22 23 24 25 26 |
---------------+-------------------------------------------------------------------------------+-----
Stealth        | 1 2 3 4 5 10 11 13 14 15 17 18 19 20 21 22 23 24 25 | 25.3
Fighting       | 4 5 6 7 10 11 12 13 14 16 17 18 19 20 21 22 | 22.0
Dodging        | 3 4 5 9 10 11 13 15 16 17 18 19 20 21 | 21.6
Short Blades   | 5 6 7 8 10 11 13 14 15 16 18 19 20 21 | 21.3
Throwing       | 6 7 8 |  8.8
Evocations     | 2 5 7 8 10 12 13 14 15 | 15.3
Armour         | 2 4 6 7 8 9 10 11 12 13 | 13.5
Shields        | 5 8 10 12 | 12.4

Action                     |  1- 3 |  4- 6 |  7- 9 | 10-12 | 13-15 | 16-18 | 19-21 | 22-24 | 25-27 || total
---------------------------+-------+-------+-------+-------+-------+-------+-------+-------+-------++-------
  Melee: Short sword       |   121 |       |       |       |       |       |       |       |       ||   121
         Dagger            |     6 |   233 |   296 |   338 |       |       |       |       |       ||   873
         Punch             |     1 |     2 |     6 |     8 |    11 |       |       |       |       ||    28
         Rapier            |       |       |       |   315 |   578 |   126 |    82 |    18 |   154 ||  1273
         Long sword        |       |       |       |    13 |     9 |       |       |       |       ||    22
         Quick blade       |       |       |       |       |    50 |  1897 |  2748 |  2665 |  2170 ||  9530
         Scimitar          |       |       |       |       |       |       |       |    28 |       ||    28
  Throw: Boomerang         |       |       |     1 |     5 |     2 |    18 |    38 |    14 |    17 ||    95
         Dart              |       |       |       |       |    12 |     8 |    38 |    21 |     8 ||    87
         Throwing net      |       |       |       |       |       |       |     7 |     5 |     1 ||    13
 Invoke: Berserk           |       |     1 |     1 |     2 |     1 |     4 |     8 |     1 |     3 ||    21
         Trog's Hand       |       |     1 |     2 |     8 |     7 |     7 |    14 |    11 |    11 ||    61
         Brothers in Arms  |       |       |       |     2 |     5 |     4 |     5 |     8 |     8 ||    32
Ability: Evoke Invisibilit |       |       |       |       |       |       |       |     4 |       ||     4
  Evoke: Wand              |       |       |       |     1 |     1 |     3 |     6 |    10 |     2 ||    23
         Tin of tremorston |       |       |       |       |       |     2 |     4 |     3 |     1 ||    10
         Lightning rod     |       |       |       |       |       |       |     8 |     6 |       ||    14
         Phantom mirror    |       |       |       |       |       |       |     3 |     2 |       ||     5
         Sack of spiders   |       |       |       |       |       |       |     1 |     3 |       ||     4
         Phial of floods   |       |       |       |       |       |       |       |     2 |       ||     2
         Horn of Geryon    |       |       |       |       |       |       |       |     1 |       ||     1
    Use: Scroll            |       |     4 |    15 |     5 |     6 |    11 |    10 |     6 |     1 ||    58
         Potion            |       |       |     1 |     2 |     2 |     2 |     3 |    12 |     1 ||    23
   Stab: Sleeping          |    13 |    18 |    25 |    49 |    32 |    63 |   123 |   106 |    50 ||   479
         Invisible         |       |       |       |     6 |     1 |     5 |    16 |    32 |     2 ||    62
         Distracted        |       |       |       |     2 |     2 |     1 |    10 |    14 |    24 ||    53
         Held in net/web   |       |       |       |       |       |     1 |     3 |     5 |       ||     9
         Confused          |       |       |       |       |       |       |       |     1 |       ||     1
 Armour: Leather armour    |    22 |    17 |    24 |    36 |       |       |       |       |       ||    99
         Scale mail        |       |       |       |    51 |   112 |   202 |   368 |   262 |   201 ||  1196
  Dodge: Dodged            |    76 |   100 |   121 |   382 |   360 |   664 |   900 |   997 |   652 ||  4252
  Block: Kite shield       |       |       |       |       |    42 |   301 |   874 |  1011 |   724 ||  2952
         Buckler           |       |       |       |       |       |   150 |       |       |       ||   150

Table legend: (Time is in decaauts)
 A = Elapsed time spent in this place.
 B = Non-inter-level travel time spent in this place.
 C = Inter-level travel time spent in this place.
 D = Time resting spent in this place.
 E = Time spent auto-exploring this place.
 F = Levels seen in this place.
 G = Mean time per level.
                   A        B        C        D        E       F      G
               +--------+--------+--------+--------+--------+-----+--------+
         Total |  46298 |  43908 |   2390 |   1138 |  29910 |  50 |  926.0 |
       Dungeon |  14007 |  13204 |    803 |    208 |  10010 |  15 |  933.8 |
          Lair |   5226 |   4893 |    333 |    113 |   3836 |   5 | 1045.2 |
        Shoals |   5202 |   4989 |    213 |    262 |   3550 |   4 | 1300.5 |
   Spider Nest |   3357 |   3167 |    190 |     34 |   2134 |   4 |  839.2 |
  Orcish Mines |   2179 |   1861 |    318 |      0 |   1064 |   2 | 1089.5 |
   Elven Halls |   3738 |   3635 |    103 |    167 |   2078 |   3 | 1246.0 |
        Vaults |   5178 |   4943 |    235 |    160 |   3533 |   4 | 1294.5 |
        Depths |   5263 |   5071 |    192 |     77 |   3286 |   4 | 1315.8 |
          Hell |     36 |     36 |      0 |      0 |      0 |   1 |   36.0 |
         Abyss |   1069 |   1069 |      0 |     46 |    144 |   3 |  356.3 |
        Bazaar |    209 |    209 |      0 |      0 |    107 |   2 |  104.5 |
       Ossuary |    236 |    236 |      0 |      0 |    163 |   1 |  236.0 |
      Ice Cave |    158 |    158 |      0 |     35 |      5 |   1 |  158.0 |
       Volcano |    433 |    433 |      0 |     33 |      0 |   1 |  433.0 |
               +--------+--------+--------+--------+--------+-----+--------+

Top non-repeatable levels by time:
   Orc:2: 1597 daAuts
Depths:2: 1589 daAuts
   Elf:3: 1473 daAuts
Shoals:4: 1471 daAuts
Vaults:3: 1468 daAuts
Depths:3: 1399 daAuts
Shoals:1: 1374 daAuts
    D:11: 1326 daAuts
Vaults:4: 1298 daAuts
  Lair:5: 1285 daAuts
     D:4: 1252 daAuts
Vaults:2: 1250 daAuts
   Elf:1: 1211 daAuts
Shoals:2: 1210 daAuts
Depths:4: 1195 daAuts
